 Dungeon Crawl Stone Soup version 0.30-a0-639-g3916f1956a (webtiles) character file.

Game seed: 204362068844189709

612971 browni3141 the Ninja (level 27, 0/276 HPs)
             Began as a Kobold Brigand on Jan 14, 2023.
             Was the Champion of Wu Jian.
             Slain by an emperor scorpion (16 damage)
             ... summoned by a royal mummy
             ... on level 2 of the Tomb of the Ancients on Jan 15, 2023.
             The game lasted 04:35:51 (72572 turns).

browni3141 the Ninja (Kobold Brigand)              Turns: 72572, Time: 04:35:52

Health: 0/276      AC: 33    Str:  9    XL:     27
Magic:  50/50      EV:  3    Int: 18    God:    Wu Jian [******]
Gold:   2455       SH: 23    Dex: 29    Spells: 7/55 levels left

rFire   + . .      SeeInvis +    a - +8 quick blade (elec)
rCold   + . .      Faith    .    Z - +2 kite shield of Xomiug {Int+2 Dex+3}
rNeg    + + .      Spirit   .    (body armour currently unavailable)
rPois   +          Reflect  +    (helmet currently unavailable)
rElec   .          Harm     .    (cloak currently unavailable)
rCorr   +          Rampage  .    (gloves currently unavailable)
Will    ++++.      Clarity  +    (boots currently unavailable) Stlth *+++++++++ NoTele +
                                 I - amulet of reflection
HPRegen 0.66/turn                L - ring "Famowk" {rF+ rC+ rN+ MP+9 Int-4}
MPRegen 0.32/turn                r - ring of Cofyec {rN+ Will++ rCorr Int+4 SInv}

@: lethally poisoned (0 -> -40), tree-form (expiring), slowed, studying Shields,
very slow
A: stationary, stasis, torment immunity, boosted hp, small, no large weapons,
nightstalker 3, clarity, robust 1, wild magic 1, (cold vulnerability 1)
}: 3/15 runes: decaying, serpentine, silver
a: Renounce Religion, Wall Jump, Serpent's Lash, Heavenly Storm


You were on level 2 of the Tomb of the Ancients.
You worshipped Wu Jian.
Wu Jian was exalted by your worship.
You were a tree.
You visited 11 branches of the dungeon, and saw 50 of its levels.
You also visited: Sewer, Ice Cave and Wizlab.

You collected 7262 gold pieces.
You spent 4807 gold pieces at shops.

Inventory:

Hand Weapons
 a - a +8 quick blade of electrocution (weapon)
 b - a +9 quick blade of draining
Missiles
 G - a throwing net
 O - 5 curare-tipped darts
Armour
 m - a +2 pair of boots of flying (melded)
 u - the +1 cloak of the Swamp (melded) {Regen+}
   (You acquired it on level 13 of the Dungeon)

   Regen:     It increases your rate of health regeneration.
 x - the +4 Cigotuvi's embrace (melded) {Corpsefed rMiasma Drain rN+}
   (You found it on level 3 of the Vaults)

   Corpsefed: It gathers nearby corpses to temporarily increase the armour it
   provides.
   rMiasma:   It protects you from foul pestilence.
   rN:        It protects you from negative energy.
   Drain:     It drains your maximum health when unequipped.
 B - the +0 pair of gloves of the Valley of Death (melded) {MP+9}
   (You bought it in a shop on level 8 of the Dungeon)

   MP:        It affects your magic capacity (+9).
 V - a +2 helmet of see invisible (melded)
 Z - the +2 kite shield of Xomiug (worn) {Int+2 Dex+3}
   (You found it on level 8 of the Dungeon)

   Int:       It affects your intelligence (+2).
   Dex:       It affects your dexterity (+3).
Jewellery
 c - the ring of Epudor Ulem {rPois rN+ MP+9 Str+2 Stlth+}
   (You bought it in a shop on level 2 of the Orcish Mines)

   [ring of magical power]

   Str:       It affects your strength (+2).
   rPois:     It protects you from poison.
   rN:        It protects you from negative energy.
   MP:        It affects your magic capacity (+9).
   Stlth:     It makes you more stealthy.
 f - the ring "Buig" {Fly rElec rN++ rCorr Int+6 Dex-3}
   (You took it off a vault guard on level 5 of the Vaults)

   [ring of intelligence]

   Int:       It affects your intelligence (+6).
   Dex:       It affects your dexterity (-3).
   rElec:     It insulates you from electricity.
   rN:        It greatly protects you from negative energy.
   Fly:       It grants you flight.
   rCorr:     It protects you from acid and corrosion.
 r - the ring of Cofyec (right branch) {rN+ Will++ rCorr Int+4 SInv}
   (You took it off a vault guard on level 5 of the Vaults)

   [ring of resist corrosion]

   Int:       It affects your intelligence (+4).
   rN:        It protects you from negative energy.
   SInv:      It lets you see invisible.
   rCorr:     It protects you from acid and corrosion.
   Will:      It greatly increases your willpower.
 I - an amulet of reflection (around neck)
 L - the ring "Famowk" (left branch) {rF+ rC+ rN+ MP+9 Int-4}
   (You found it on level 2 of the Vaults)

   [ring of protection from cold]

   Int:       It affects your intelligence (-4).
   rF:        It protects you from fire.
   rC:        It protects you from cold.
   rN:        It protects you from negative energy.
   MP:        It affects your magic capacity (+9).
 P - the ring "Ucvoh" {Fly rElec rPois rF+ MP-9}
   (You found it on level 3 of the Crypt)

   [ring of poison resistance]

   rF:        It protects you from fire.
   rElec:     It insulates you from electricity.
   rPois:     It protects you from poison.
   MP:        It affects your magic capacity (-9).
   Fly:       It grants you flight.
Wands
 d - a wand of digging (17)
 g - a wand of paralysis (28)
 l - a wand of iceblast (22)
 v - a wand of polymorph (8)
 A - a wand of quicksilver (3)
 N - a wand of mindburst (39)
Scrolls
 h - 11 scrolls of vulnerability
 n - 2 scrolls of brand weapon
 p - 5 scrolls of magic mapping
 s - 7 scrolls of blinking
 t - 5 scrolls of silence
 w - 4 scrolls of torment
 y - 3 scrolls of amnesia
 D - 11 scrolls of teleportation
 J - 6 scrolls of butterflies
 K - 5 scrolls of fear
 M - 7 scrolls of enchant armour
 U - 11 scrolls of fog
 W - 11 scrolls of poison
Potions
 e - 10 potions of mutation
 j - 3 potions of resistance
 k - 4 potions of berserk rage
 o - 7 potions of haste
 q - 7 potions of ambrosia
 z - 11 potions of curing
 C - 5 potions of lignification
 F - 3 potions of magic
 H - 7 potions of attraction
 R - 5 potions of invisibility
Miscellaneous
 E - a phial of floods (inert)
 Q - a lightning rod (inert)
 S - a phantom mirror (inert)
 T - a condenser vane (inert)
 X - a box of beasts


   Skills:
 - Level 16.0 Fighting
 - Level 14.0 Short Blades
 - Level 2.1 Throwing
 - Level 5.0 Armour
 O Level 27 Dodging
 O Level 27 Stealth
 - Level 14.0 Shields
 * Level 14.6 Spellcasting
 * Level 20.4 Hexes
 * Level 17.4 Translocations
 - Level 15.0 Evocations


You had 7 spell levels left.
You knew the following spells:

 Your Spells              Type           Power      Damage    Failure   Level
a - Tukima's Dance        Hex            85%        N/A       1%          3
b - Leda's Liquefaction   Hex/Erth       30%        N/A       3%          4
c - Yara's Violent Unrav  Hex/Tmut       30%        3d13      8%          5
d - Enfeeble              Hex            42%        N/A       4%          7
e - Portal Projectile     Hex/Tloc       100%       N/A       1%          3
f - Slow                  Hex            100%       N/A       1%          1
g - Confusing Touch       Hex            85%        N/A       1%          3
h - Dispersal             Tloc           39%        N/A       2%          6
i - Blink                 Tloc           100%       N/A       1%          2
j - Silence               Hex/Air        30%        N/A       8%          5
k - Discord               Hex            42%        N/A       26%         8
l - Apportation           Tloc           100%       N/A       1%          1

Your spell library contained the following spells:

 Spells                   Type           Power      Damage    Failure   Level
 Ensorcelled Hibernation  Hex/Ice        100%       N/A       1%          2
 Lesser Beckoning         Tloc           100%       N/A       1%          2
 Momentum Strike          Conj/Tloc      100%       3d10      1%          2
 Dazzling Flash           Conj/Hex       100%       N/A       1%          3
 Gell's Gravitas          Tloc           78%        N/A       1%          3
 Teleport Other           Tloc           78%        N/A       1%          3
 Vhi's Electric Charge    Tloc/Air       100%       N/A       2%          3
 Anguish                  Hex/Necr       30%        N/A       3%          4
 Fulminant Prism          Conj/Hex       30%        3d15      3%          4
 Kindle Blastsparks       Fire/Tloc/Air  88%        2d17      5%          3
 Iskenderun's Mystic Bla  Conj/Tloc      55%        2d12      5%          4
 Metabolic Englaciation   Hex/Ice        30%        N/A       8%          5
 Beastly Appendage        Tmut           34%        N/A       17%         1
 Foxfire                  Conj/Fire      68%        2x1d7     17%         1
 Freeze                   Ice            68%        1d8       17%         1
 Kiss of Death            Conj/Necr      68%        2d10      17%         1
 Magic Dart               Conj           68%        1d6       17%         1
 Necrotise                Necr           68%        1d7       17%         1
 Shock                    Conj/Air       68%        1d7       17%         1
 Sting                    Tmut/Pois      68%        1d6       17%         1
 Call Imp                 Summ           17%        N/A       26%         2
 Cigotuvi's Dreadful Rot  Necr/Pois/Air  34%        N/A       26%         2
 Passwall                 Tmut/Erth      14%        N/A       26%         2
 Poisonous Vapours        Pois/Air       34%        N/A       26%         2
 Scorch                   Fire           34%        2d7       26%         2
 Static Discharge         Conj/Air       34%        2-4/arc   26%         2
 Sublimation of Blood     Necr           17%        N/A       26%         2
 Wereblood                Tmut           17%        N/A       26%         2
 Frozen Ramparts          Ice            34%        1d6       45%         3
 Hailstorm                Conj/Ice       17%        3d6       45%         3
 Ignite Poison            Fire/Tmut/Pois 17%        N/A       45%         3
 Mephitic Cloud           Conj/Pois/Air  17%        N/A       45%         3
 Spider Form              Tmut/Pois      17%        N/A       45%         3
 Stone Arrow              Conj/Erth      34%        3d9       45%         3
 Swiftness                Air            17%        N/A       45%         3
 Vampiric Draining        Necr           17%        2d7       45%         3
 Airstrike                Air            8%         2d(2-18)  83%         4
 Animate Armour           Summ/Erth      34%        N/A       83%         4
 Dispel Undead            Necr           17%        3d10      83%         4
 Flame Wave               Conj/Fire      17%        2d7       83%         4
 Ice Form                 Ice/Tmut       17%        N/A       83%         4
 Olgreb's Toxic Radiance  Pois           17%        N/A       83%         4
 Petrify                  Tmut/Erth      17%        N/A       83%         4
 Sticky Flame             Conj/Fire      17%        2d4       83%         4
 Summon Lightning Spire   Summ/Air       17%        N/A       83%         4
 Agony                    Necr           17%        N/A       99%         5
 Alistair's Intoxication  Tmut/Pois      11%        N/A       99%         5
 Arcjolt                  Conj/Air       8%         1d18      99%         5
 Blade Hands              Tmut           8%         N/A       99%         5
 Borgnjor's Vile Clutch   Necr/Erth      8%         N/A       99%         5
 Fireball                 Conj/Fire      8%         3d6       99%         5
 Iskenderun's Battlesphe  Conj           17%        2d7       99%         5
 Lee's Rapid Deconstruct  Erth           8%         3d7*      99%         5
 Lightning Bolt           Conj/Air       8%         1d21      99%         5
 Conjure Ball Lightning   Conj/Air       8%         3x3d6     100%        6
 Death Channel            Necr           8%         N/A       100%        6
 Eringya's Noxious Bog    Tmut/Pois      8%         N/A       100%        6
 Iron Shot                Conj/Erth      8%         9d3       100%        6
 Simulacrum               Ice/Necr       8%         N/A       100%        6
 Starburst                Conj/Fire      8%         6d4       100%        6
 Statue Form              Tmut/Erth      11%        N/A       100%        6
 Summon Cactus Giant      Summ           8%         N/A       100%        6
 Orb of Destruction       Conj           8%         9d6       100%        7
 Disjunction              Tloc           39%        N/A       61%         8
 Ignition                 Fire           8%         3d5       100%        8
 Lehudib's Crystal Spear  Conj/Erth      8%         10d4      100%        8
 Maxwell's Capacitive Co  Air            8%         ∞         100%        8
 Necromutation            Tmut/Necr      8%         N/A       100%        8
 Fire Storm               Conj/Fire      8%         8d2       100%        9


Dungeon Overview and Level Annotations

Branches:
Dungeon (15/15)            Temple (1/1) D:5            Lair (5/5) D:9
  Swamp (4/4) Lair:2        Snake (4/4) Lair:3        Slime (0/5) Lair:5
    Orc (2/2) D:11            Elf (0/3) Orc:2        Vaults (5/5) D:13
  Crypt (3/3) Vaults:3       Tomb (2/3) Crypt:3      Depths (4/4) D:15
    Zot (5/5) Depths:4      Sewer (visited)           IceCv (visited)
 WizLab (visited)

Altars:
Ashenzari
Cheibriados
Dithmenos
Elyvilon
Fedhas
Gozag
Hepliaklqana
Kikubaaqudgha
Makhleb
Nemelex Xobeh
Okawaru
Qazlal
Ru
Sif Muna
Trog
Uskayaw
Vehumet
Wu Jian
Xom
Yredelemnul
Zin
The Shining One
Jiyva

Shops:
D:7 :   D:8 *[   D:13 :   Orc:2 ?*[=   Snake:2 ([   Snake:3 (   Vaults:3 ?
Vaults:5 !   Depths:1 :=:   Depths:3 !   Depths:4 :

Portals:
Hell: Depths:1 Depths:2 Depths:3 Depths:4
Abyss: Depths:1 Depths:3
Pandemonium: Orc:2 Depths:2 Depths:4
Ziggurat: Depths:4
Trove: D:13 (give +2 gold dragon scales)

Annotations:
Vaults:2 Mennas


Innate Abilities, Weirdness & Mutations

You are a tree.
Your roots penetrate the ground, keeping you stationary.
You cannot be teleported.
You are immune to unholy pain and torment.
Your maximum health is greatly increased.
Your equipment is partially melded.
You are small and have problems with some larger weapons.
You are completely attuned to the shadows.
You possess an exceptional clarity of mind.
You are robust. (+10% HP)
Your spells are a little harder to cast, but a little more powerful.
((You are vulnerable to cold. (rC-)))


Message History

You feel better.
The royal mummy is engulfed in blazing flames.
The royal mummy splashes around in the water.
The emperor scorpion is engulfed in blazing flames.
The emperor scorpion stings you but does no damage.
The emperor scorpion claws you but does no damage. x2
A mummy comes into view.
The royal mummy is engulfed in blazing flames.
The royal mummy gestures at you while chanting.
Something smites you!
* * * LOW HITPOINT WARNING * * *
You block the royal mummy's attack.
You block the emperor scorpion's attack.
The emperor scorpion claws you but does no damage.
You block the emperor scorpion's attack.
You hear a faint skittering sound.
You hear a hideous shriek!
You feel better.
The emperor scorpion is engulfed in blazing flames.
You block the emperor scorpion's attack. x2
The emperor scorpion claws you but does no damage.
The royal mummy is engulfed in blazing flames.
The royal mummy casts a spell.
You hear a faint skittering sound.
You hear a screech!
You feel better.
The emperor scorpion is engulfed in blazing flames.
The emperor scorpion stings you!
* * * LOW HITPOINT WARNING * * *
You are lethally poisoned!
The emperor scorpion poisons you!
You block the emperor scorpion's attack. x2
The royal mummy hits you but does no damage.
The royal mummy is engulfed in blazing flames.
The bennu jubilantly flits about.
The emperor scorpion stings you!
* * * LOW HITPOINT WARNING * * *
The emperor scorpion claws you but does no damage. x2
The mummy priest utters an invocation to its god.
The emperor scorpion is engulfed in blazing flames.
The emperor scorpion stings you!
You die...

#......$..##.....#,,,,,*
*,.......)##....$#,,,,,*
,.....M..........#,,,,,*
,.B..............#,,,,,*
,............MMzs#,,,,,*
,....B...)....zMs#,,,,,*
,§...........zZMb#,,,,,*
,B.....^......s#M#,,,,,*
,§...........M##♣#,,,,,*
,B..§.........#ss#,,,,^*
,.B..........BM☼W#,,^,,*
*,,,,^,,,,**...BM#**+***
*,,,,,,,,,**....MM,,,,,*
,,,,,,,,,,,,,,,,,*,,,,,*
,,**,,,,,,,,,,<,,*,,,,,*
,,,**,,,,,,,,**,,*,,,,,*
,,,,,,,,,^,,,**,,*,,,,,*


You could see 2 royal mummies, 4 emperor scorpions, a bennu, a mummy priest, a
skeletal warrior, a guardian mummy, a freezing wraith (summoned), 2 death
scarabs, a flying skull and 5 mummies.

Vanquished Creatures
  2 dread liches
  Mara (Snake:4)
  Khufu (Tomb:1)
  An ancient lich (Zot:2)
  Tiamat (Zot:1)
  The ghost of Akugygoc the Axe Maniac, a legendary MiFi of Okawaru (Zot:4)
  The ghost of Bealaq the Black Belt, a legendary GnFE of Okawaru (Zot:4)
  The ghost of Kawoqao the Minotaur Barricade, a legendary MiBe of Trog (Zot:3)
  The ghost of Voulohy the Wrestler, a veteran TrCK of Xom (Zot:4)
  2 juggernauts
  5 royal mummies
  Frederick (Vaults:3)
  Boris (twice) (Tomb:1 Tomb:2)
  Bai Suzhen (Swamp:4)
  4 Killer Klowns (Zot:1)
  2 curse toes (Crypt:3)
  the Lernaean hydra (Swamp:4)
  Vashnia (Snake:4)
  5 golden dragons
  5 caustic shrikes (Depths:1)
  the Enchantress (Depths:1)
  Jory (Vaults:2)
  A Tzitzimitl (Zot:1)
  3 bone dragons
  Rupert (D:15)
  2 electric golems
  3 doom hounds
  Jorgrun (Snake:2)
  Grunn (Zot:1)
  16 tentacled monstrosities
  4 liches
  Asterion (Depths:1)
  7 Orb Guardians
  5 titans
  5 quicksilver dragons
  9 death cobs
  11 ancient champions
  13 draconian monks
  5 tengu reavers
  2 thorn hunters
  Donald (Vaults:1)
  14 sphinxes
  Agnes (Snake:4)
  10 storm dragons
  A fenstrider witch (Swamp:2)
  Roxanne (Snake:4)
  8 revenants
  14 shadow dragons
  An iron dragon (Depths:1)
  6 fire giants
  4 nagarajas
  7 draconian knights
  A deep elf sorcerer (Vaults:5)
  6 frost giants
  2 ghost moths
  3 draconian shifters
  7 draconian scorchers
  18 vault wardens
  A curse skull (Crypt:2)
  4 draconian stormcallers
  3 reapers
  2 angels (Depths:4)
  7 draconian annihilators
  An orc warlord (Vaults:2)
  Louise (D:15)
  2 juggernaut skeletons
  12 stone giants
  28 very ugly things
  2 cacodemons
  12 ironbound preservers
  3 spriggan defenders (Depths:1)
  7 vampire knights
  7 ironbound thunderhulks
  7 ghouls
  5 war gargoyles
  A green draconian (Zot:1)
  8 black draconians
  3 deep elf annihilators (Vaults:5)
  3 eleionomae
  A dire elephant (Vaults:4)
  10 red draconians
  7 white draconians
  4 bennus (Tomb:2)
  9 yellow draconians
  A minotaur (shapeshifter) (Vaults:5)
  A spark wasp (shapeshifter) (Vaults:5)
  4 bunyips
  17 purple draconians
  2 spectral hellephants (Crypt:1)
  6 mummy priests
  A green death (Depths:4)
  A blizzard demon (Depths:4)
  3 deep elf death magi (Crypt:1)
  9 jiangshi
  4 eidola
  A quicksilver dragon zombie (Depths:1)
  11 ettins
  2 spectral elves (Crypt:1)
  10 fire dragons
  Josephine (Lair:5)
  A shambling mangrove (Swamp:4)
  9 statues (WizLab)
  A merfolk impaler (Depths:2)
  An entropy weaver (shapeshifter) (D:14)
  12 yaktaur captains
  2 entropy weavers
  Fannar (Lair:1)
  3 peacekeepers
  3 spriggan zombies
  28 hydras
  34 vault guards
  A great orb of eyes (Vaults:2)
  2 salamander tyrants (Snake:4)
  6 ogre magi
  2 rakshasas (Depths:2)
  2 demonspawn (Orc:2)
  3 hell beasts
  14 ironbound frosthearts
  11 ice dragons
  3 ghost crabs
  2 death knights (Crypt:1)
  5 spriggan air magi
  2 centaur warriors
  A catoblepas (Zot:2)
  3 deep troll shamans
  7 anacondas
  Erica (D:10)
  5 dancing weapons (Zot:2)
  4 alligators
  6 deep troll earth magi
  12 two-headed ogres
  4 boulder beetles
  13 naga warriors
  10 death scarabs
  An azure jelly zombie (Crypt:3)
  9 tengu warriors
  10 vampire magi
  14 naga sharpshooters
  A spriggan berserker (Depths:4)
  4 death yaks (D:14)
  5 shock serpents
  4 orc high priests (Orc:2)
  9 hell knights
  A deep elf knight (D:13)
  4 sun demons
  6 salamander mystics
  A storm dragon skeleton (Depths:1)
  A titan skeleton (Depths:3)
  4 shadow wraiths
  2 soul eaters
  4 iron trolls (Depths:2)
  A sea snake (shapeshifter) (Depths:2)
  5 goliath frogs
  32 skeletal warriors
  A sea snake (Snake:2)
  2 sixfirhies (Depths:4)
  An anaconda zombie (Crypt:1)
  43 deep trolls
  Lodul (D:10)
  10 swamp dragons
  6 bog bodies
  4 glowing orange brains
  2 sphinx zombies
  16 phantasmal warriors
  An obsidian statue (Depths:4)
  9 lindwurms
  9 wizards
  A swamp dragon (shapeshifter) (D:15)
  2 flayed ghosts
  A bunyip skeleton (Crypt:2)
  12 ironbound convokers
  9 orc knights
  Pikel (D:8)
  7 naga ritualists
  12 necromancers
  15 mana vipers
  3 deep elf pyromancers
  66 ugly things
  A frost giant zombie (Depths:1)
  4 manticores
  9 orc sorcerers
  A stone giant zombie (Tomb:2)
  A fire giant zombie (Depths:1)
  12 salamanders
  16 moths of wrath
  A sphinx skeleton (Depths:1)
  A cyclops (D:15)
  17 naga magi
  A jorogumo skeleton (Crypt:2)
  25 elephants
  2 will-o-the-wisps (Swamp:1)
  A tengu skeleton (Depths:3)
  20 vault sentinels
  A fire giant skeleton (Depths:1)
  A water nymph (shapeshifter) (Vaults:5)
  2 rust devils (Depths:4)
  33 black mambas
  An iron dragon skeleton (Crypt:3)
  An ice statue (IceCv)
  A salamander (shapeshifter) (D:15)
  Joseph (D:7)
  4 guardian serpents
  9 cane toads
  A torpor snail (Lair:3)
  A smoke demon (Depths:4)
  4 gargoyles
  Maggie (D:8)
  A kobold demonologist (D:13)
  11 komodo dragons
  A rime drake (Lair:1)
  2 orange demons
  An unseen horror (D:12)
  An efreet (D:14)
  4 freezing wraiths
  25 yaktaurs
  3 ice devils
  A komodo dragon (shapeshifter) (Vaults:5)
  4 hellwings
  17 tengu conjurers
  A harpy zombie (Tomb:2)
  2 bloated husks
  15 guardian mummies
  2 trolls
  A tormentor (Zot:1)
  2 red devils (Depths:4)
  A human zombie (Vaults:5)
  A queen bee (shapeshifter) (D:15)
  30 hornets
  A meliai (shapeshifter) (D:15)
  3 polar bears
  Grinder (D:4)
  A tarantella (Vaults:2)
  12 tyrant leeches
  A tarantella (shapeshifter) (Depths:3)
  A harpy skeleton (Tomb:1)
  16 blink frogs
  A satyr zombie (Crypt:1)
  39 slime creatures
  A frost giant simulacrum (Depths:1)
  A spriggan (shapeshifter) (D:14)
  An ettin skeleton (Crypt:2)
  A fire dragon zombie (Crypt:2)
  30 flying skulls
  30 spriggans
  A centaur simulacrum (D:15)
  2 ynoxinuls
  A shadow (D:6)
  4 water elementals
  A human (D:13)
  A culicivora (shapeshifter) (Vaults:5)
  A hog (shapeshifter) (D:15)
  10 ushabtiu
  3 wyverns
  13 wraiths
  A wind drake zombie (Crypt:3)
  A basilisk (shapeshifter) (D:14)
  3 basilisks
  3 neqoxecs
  2 death yak simulacra (IceCv)
  2 redbacks (Vaults:2)
  47 yaks
  A vampire mosquito (D:10)
  3 chaos spawn
  2 steam dragons (D:7)
  Edmund (D:6)
  Menkaure (D:6)
  A glowing shapeshifter zombie (Vaults:5)
  42 nagas
  An acid dragon (D:11)
  16 swamp worms
  3 wargs
  An entropy weaver zombie (Crypt:1)
  A fire bat skeleton (Crypt:2)
  15 water moccasins
  A floating eye (shapeshifter) (Vaults:5)
  A floating eye (Depths:2)
  A sky beast (shapeshifter) (D:15)
  46 orc warriors
  A sky beast (D:8)
  7 swamp drakes
  An ice beast (D:8)
  9 black bears
  A manticore zombie (Crypt:1)
  15 ogres
  36 wolves
  5 centaurs
  6 boggarts
  A manticore skeleton (Crypt:3)
  An elf simulacrum (Vaults:5)
  2 lemures (D:8)
  4 phantoms
  A wyvern zombie (D:7)
  11 bullfrogs
  5 cane toad simulacra (IceCv)
  2 gnoll sergeants (D:9)
  3 scorpions
  5 two-headed ogre simulacra (IceCv)
  8 necrophages
  A water moccasin zombie (D:6)
  An elf skeleton (Crypt:1)
  A water moccasin skeleton (Crypt:1)
  12 wights
  A shapeshifter zombie (Crypt:1)
  A shapeshifter skeleton (Crypt:3)
  4 elephant simulacra (IceCv)
  13 killer bees
  3 howler monkeys
  11 electric eels
  5 bullfrog zombies
  2 centaur zombies
  31 orc priests
  2 hounds
  A gnoll bouda (D:10)
  2 iguanas (D:5)
  24 orc wizards
  A human skeleton (Crypt:1)
  5 spriggan simulacra (IceCv)
  5 polar bear simulacra (IceCv)
  7 troll simulacra (IceCv)
  A killer bee zombie (D:7)
  3 wolf simulacra (IceCv)
  2 tengu zombies
  A deep dwarf zombie (Crypt:3)
  An ogre skeleton (Crypt:1)
  A hound zombie (Crypt:2)
  18 mummies
  14 gnolls
  9 adders
  8 naga simulacra
  A shadow imp (D:7)
  5 white imps
  6 ufetubi
  A lava snake skeleton (Crypt:2)
  7 worms
  5 dart slugs
  127 orcs
  A bat zombie (D:8)
  8 endoplasms
  21 giant cockroaches
  11 goblins
  5 hobgoblins
  4 jackals (D:1)
  4 quokkas
  A river rat zombie (Crypt:3)
  7 ball pythons
  A ball python skeleton (Crypt:1)
  10 bats
  7 frilled lizards
  A jackal skeleton (Crypt:2)
  16 kobolds
  An orc skeleton (Crypt:3)
  15 rats
  A rat zombie (D:8)
2279 creatures vanquished.

Vanquished Creatures (collateral kills)
  2 ancient liches
  An orb of fire (Zot:2)
  A royal mummy (Tomb:1)
  A Killer Klown (Zot:1)
  A Tzitzimitl (Zot:1)
  2 ancient champions
  A shadow dragon (Zot:3)
  A fenstrider witch (Swamp:4)
  A draconian monk (Zot:2)
  A nagaraja (Snake:4)
  A draconian knight (Zot:4)
  A draconian shifter (Zot:4)
  The ghost of Ganul the Bludgeoner, a journeyman DsGl of Hepliaklqana (D:15)
  An orc warlord (Orc:1)
  A draconian annihilator (Zot:3)
  A black draconian (Zot:3)
  A green draconian (Zot:4)
  2 bennus (Tomb:2)
  2 yellow draconians
  A white draconian (Zot:4)
  A mummy priest (Tomb:2)
  2 hydras
  A catoblepas (Zot:2)
  A hell knight (Depths:3)
  A skeletal warrior (Tomb:2)
  A spriggan druid (Swamp:3)
  2 orc knights (Orc:2)
  An orc sorcerer (Orc:2)
  A will-o-the-wisp (Swamp:3)
  A yaktaur (shapeshifter) (D:15)
  A guardian mummy (Tomb:2)
  An orc warrior (Orc:2)
  A swamp drake (Swamp:4)
  A scorpion zombie (Crypt:3)
  An orc (Orc:2)
41 creatures vanquished.

Vanquished Creatures (others)
  A fire giant (Depths:4)
  2 draconian knights
  An eidolon (Crypt:3)
  A moth of wrath (Zot:2)
  15 dancing weapons
  An orc wizard (D:11)
  2 bushes
  10 foxfires
  40 fungi
  76 plants
149 creatures vanquished.

Grand Total: 2469 creatures vanquished

Notes
Turn   | Place    | Note
-------+----------+-------------------------------------------
     0 | D:1      | browni3141 the Kobold Brigand began the quest for the Orb.
     0 | D:1      | Reached XP level 1. HP: 12/12 MP: 1/1
   136 | D:1      | Reached XP level 2. HP: 17/17 MP: 2/2
   452 | D:1      | Reached XP level 3. HP: 21/21 MP: 3/3
  1185 | D:2      | Reached skill level 5 in Short Blades
  1312 | D:2      | Reached XP level 4. HP: 26/26 MP: 4/4
  1878 | D:3      | Reached XP level 5. HP: 17/30 MP: 5/5
  2496 | D:3      | Reached skill level 10 in Stealth
  2572 | D:3      | Reached XP level 6. HP: 35/35 MP: 6/6
  2752 | D:4      | Noticed a moth of wrath
  2754 | D:4      | Noticed Grinder
  2755 | D:4      | Found a bloodstained altar of Trog.
  2758 | D:4      | Paralysed by Grinder for 3 turns
  3028 | D:4      | Found an ornate altar of the Wu Jian Council.
  3041 | D:4      | Became a worshipper of the Wu Jian Council
  3099 | D:4      | Found a glowing drain.
  3110 | Sewer    | Entered a sewer
  3315 | Sewer    | Reached * piety under Wu Jian
  3367 | Sewer    | Reached XP level 7. HP: 20/40 MP: 7/7
  3906 | D:5      | Entered Level 5 of the Dungeon
  3947 | D:5      | Reached skill level 15 in Stealth
  3947 | D:5      | Reached XP level 8. HP: 43/44 MP: 8/8
  4013 | D:5      | Found a staircase to the Ecumenical Temple.
  4019 | Temple   | Entered the Ecumenical Temple
  4960 | D:5      | Reached skill level 1 in Evocations
  4998 | D:5      | Found an iron altar of Okawaru.
  5265 | D:6      | Reached ** piety under Wu Jian
  5280 | D:6      | Noticed Edmund
  5283 | D:6      | Killed Edmund
  5297 | D:6      | Reached XP level 9. HP: 48/48 MP: 9/9
  5640 | D:6      | Noticed Menkaure
  5643 | D:6      | Killed Menkaure
  5846 | D:6      | Reached skill level 5 in Evocations
  6206 | D:7      | Found a blossoming altar of Fedhas.
  6506 | D:7      | Found Oteicubb's Book Boutique.
  6836 | D:7      | Found a sparkling altar of Nemelex Xobeh.
  7215 | D:8      | Noticed a gargoyle
  7217 | D:8      | Killed a gargoyle
  7218 | D:8      | Reached XP level 10. HP: 56/57 MP: 10/10
  7345 | D:8      | Identified the +2 kite shield of Xomiug {Int+2 Dex+3}
  7394 | D:8      | Noticed Pikel
  7397 | D:8      | Killed Pikel
  7398 | D:8      | Reached skill level 1 in Shields
  7401 | D:8      | Reached skill level 5 in Fighting
  7401 | D:8      | Reached skill level 5 in Dodging
  7563 | D:8      | Found an opulent altar of Gozag.
  7657 | D:8      | Noticed Maggie
  7660 | D:8      | Killed Maggie
  7703 | D:8      | Found Bebu Egir's Assorted Antiques.
  7704 | D:8      | Noticed a two-headed ogre
  7708 | D:8      | Killed a two-headed ogre
  7709 | D:8      | Reached skill level 10 in Short Blades
  7735 | D:8      | Found an ancient bone altar of Kikubaaqudgha.
  7924 | D:8      | Identified the +5 flail "Zophots" {heavy, Contam Str+3
                  | SInv}
  8037 | D:8      | Found Sishrogh's Antique Armour Boutique.
  8092 | D:8      | Bought a pair of ichor-stained gloves for 266 gold pieces
  8092 | D:8      | Identified the +0 pair of gloves of the Valley of Death
                  | {MP+9} (You bought it in a shop on level 8 of the Dungeon)
  8393 | D:3      | Reached *** piety under Wu Jian
  8809 | D:7      | Reached XP level 11. HP: 63/63 MP: 11/11
  8833 | D:7      | Noticed Joseph
  8837 | D:7      | Killed Joseph
  9289 | D:7      | Found a sparkling altar of Nemelex Xobeh.
  9411 | D:7      | Found Oteicubb's Book Boutique.
  9894 | D:7      | Found a blossoming altar of Fedhas.
  9980 | D:4      | Killed Grinder
 10158 | D:4      | Found a sacrificial altar of Ru.
 10349 | D:4      | Found an ornate altar of the Wu Jian Council.
 10843 | D:4      | Found a bloodstained altar of Trog.
 10964 | D:4      | Found a sacrificial altar of Ru.
 11256 | D:9      | Reached skill level 5 in Shields
 11259 | D:9      | Found a staircase to the Lair.
 11339 | D:9      | Found a burning altar of Makhleb.
 11660 | D:10     | Entered Level 10 of the Dungeon
 11661 | D:10     | Found a blossoming altar of Fedhas.
 11737 | D:10     | Noticed a two-headed ogre
 11761 | D:10     | Noticed Lodul
 11765 | D:10     | Killed Lodul
 11768 | D:10     | Reached **** piety under Wu Jian
 11777 | D:10     | Found a glowing silver altar of Zin.
 11811 | D:10     | Noticed Erica
 11824 | D:10     | Killed Erica
 12074 | Lair:1   | Entered Level 1 of the Lair of Beasts
 12084 | Lair:1   | Reached skill level 10 in Dodging
 12129 | Lair:1   | Reached XP level 12. HP: 63/68 MP: 12/12
 12485 | Lair:1   | Noticed Fannar
 12487 | Lair:1   | Killed Fannar
 13197 | Lair:2   | Noticed a seven-headed hydra
 13198 | Lair:2   | Killed a seven-headed hydra
 13553 | Lair:2   | Noticed a boulder beetle
 13555 | Lair:2   | Killed a boulder beetle
 13555 | Lair:2   | Reached skill level 10 in Fighting
 13766 | Lair:2   | Found a staircase to the Swamp.
 14207 | Lair:3   | Reached XP level 13. HP: 84/84 MP: 13/13
 14571 | Lair:3   | Found a staircase to the Snake Pit.
 14783 | Lair:3   | Noticed a five-headed hydra
 14784 | Lair:3   | Reached ***** piety under Wu Jian
 14785 | Lair:3   | Killed a five-headed hydra
 15352 | Lair:4   | Reached XP level 14. HP: 95/95 MP: 14/14
 15369 | Lair:4   | You fall into a shaft and drop 1 floor!
 15369 | Lair:5   | Entered Level 5 of the Lair of Beasts
 15391 | Lair:5   | Reached skill level 10 in Evocations
 15458 | Lair:5   | Reached skill level 1 in Spellcasting
 16404 | Lair:4   | Reached XP level 15. HP: 88/100 MP: 21/21
 17803 | Lair:5   | Found a staircase to the Slime Pits.
 17803 | Lair:5   | Found a viscous altar of Jiyva.
 17807 | Lair:5   | Reached skill level 1 in Hexes
 18326 | Lair:5   | Identified the +6 dagger of the Snake Pit {pain, Str+4}
 18459 | Lair:5   | Noticed Josephine
 18488 | Lair:5   | Killed Josephine
 19311 | D:9      | Learned a level 3 spell: Tukima's Dance
 19493 | D:10     | Found a radiant altar of Vehumet.
 19833 | D:10     | Found a hazy altar of Hepliaklqana.
 20137 | D:11     | Reached skill level 15 in Dodging
 20885 | D:11     | Found a staircase to the Orcish Mines.
 21223 | D:11     | Paralysed by a hornet for 1 turns
 21345 | D:11     | Paralysed by a hornet for 3 turns
 21799 | Orc:1    | Entered Level 1 of the Orcish Mines
 21811 | Orc:1    | Reached skill level 5 in Hexes
 21842 | Orc:1    | Reached ****** piety under Wu Jian
 21986 | Orc:2    | Entered Level 2 of the Orcish Mines
 22128 | Orc:2    | Found Eholaof's Magic Scroll Shop.
 22129 | Orc:2    | Found Karphumu's General Store.
 22293 | Orc:1    | Noticed an orc warlord
 22315 | Orc:1    | You fall into a shaft and drop 1 floor!
 22315 | Orc:2    | Found a staircase to the Elven Halls.
 22796 | Orc:2    | Reached XP level 16. HP: 106/106 MP: 22/22
 23388 | Orc:2    | Bought a scroll of teleportation for 42 gold pieces
 23568 | Orc:2    | Gained mutation: Your magical capacity is low. (-10% MP) [a
                  | neqoxec]
 23569 | Orc:2    | Gained mutation: Potions are less effective at restoring
                  | your health. [a neqoxec]
 24090 | Orc:2    | Found Oshrupia's Antique Armour Shoppe.
 24090 | Orc:2    | Found Sax Wuho's Jewellery Emporium.
 24091 | Orc:2    | Found a one-way gate leading to the halls of Pandemonium.
 24093 | Orc:2    | Paralysed by an orc sorcerer for 4 turns
 24383 | Orc:2    | Reached skill level 10 in Shields
 25245 | Orc:2    | Bought a scroll of identify for 36 gold pieces
 25245 | Orc:2    | Bought a scroll of identify for 36 gold pieces
 25247 | Orc:2    | Bought a scroll of poison for 72 gold pieces
 25249 | Orc:2    | Bought a potion of flight for 42 gold pieces
 25304 | Orc:2    | Upgraded the game from 0.30-a0-632-g346586fe48 to
                  | 0.30-a0-639-g3916f1956a
 25304 | Orc:2    | Bought the ring of Epudor Ulem {rPois rN+ MP+9 Str+2
                  | Stlth+} for 551 gold pieces
 25495 | D:7      | Bought a book of Misfortune for 420 gold pieces
 25538 | D:8      | Bought a steaming scale mail for 261 gold pieces
 25538 | D:8      | Identified the +6 scale mail "Deikh" {rPois Str+3} (You
                  | bought it in a shop on level 8 of the Dungeon)
 25624 | D:9      | Learned a level 4 spell: Leda's Liquefaction
 25630 | D:9      | Learned a level 5 spell: Yara's Violent Unravelling
 25638 | D:9      | Learned a level 7 spell: Enfeeble
 25642 | D:9      | Learned a level 3 spell: Portal Projectile
 26005 | D:12     | Found a frozen archway.
 26031 | IceCv    | Entered an ice cave
 27245 | IceCv    | Identified the +9 quarterstaff "Miclol" {chaos, rN+}
 27250 | IceCv    | Identified the +6 morningstar of Terror {heavy, rElec Str+2
                  | Dex+2 Stlth-}
 27259 | IceCv    | Identified a scroll of acquirement
 27260 | IceCv    | Acquired a +2 helmet of see invisible
 28352 | D:13     | Found a portal to a secret trove of treasure.
 28370 | D:13     | Acquired the +1 cloak of the Swamp {Regen+}
 28659 | D:13     | Found a gate to the Vaults.
 28758 | D:13     | Found Otilir's Book Boutique.
 28761 | D:13     | Bought a book of Debilitation for 260 gold pieces
 28763 | D:13     | Learned a level 1 spell: Slow
 28939 | D:13     | Found a snail-covered altar of Cheibriados.
 29025 | D:14     | Acquired a +2 quick blade of draining
 29363 | D:14     | Reached XP level 17. HP: 111/111 MP: 20/20
 29506 | D:14     | You fall into a shaft and drop 1 floor!
 29506 | D:15     | Entered Level 15 of the Dungeon
 29627 | D:14     | Found a broken altar of Ashenzari.
 29791 | D:14     | Reached skill level 5 in Spellcasting
 30282 | D:14     | Learned a level 3 spell: Confusing Touch
 30300 | D:14     | Reached skill level 10 in Hexes
 30548 | D:15     | Paralysed by an orc sorcerer for 3 turns
 30624 | D:15     | Found an ornate altar of the Wu Jian Council.
 30819 | D:15     | Noticed Rupert
 30820 | D:15     | Killed Rupert
 30854 | D:15     | Found a staircase to the Depths.
 31253 | D:15     | Found a runed translucent gate.
 31253 | D:15     | Found a runed translucent gate.
 31254 | D:15     | Found a runed translucent gate.
 31270 | D:15     | Found a runed translucent gate.
 31270 | D:15     | Found a runed translucent gate.
 31272 | D:15     | Found a runed translucent gate.
 31310 | D:15     | Noticed Ganul's ghost (journeyman DsGl)
 31343 | D:15     | Gained mutation: Your magical capacity is very low. (-20%
                  | MP) [a cacodemon]
 31361 | D:15     | Killed Ganul's ghost
 31376 | D:15     | Identified the +2 robe of a sewer {rElec SInv}
 31554 | D:15     | Gained mutation: You occasionally lose the ability to drink
                  | potions when taking damage. [mutagenic glow]
 31595 | D:15     | Noticed Louise
 32279 | D:15     | Killed Louise
 32491 | Snake:1  | Entered Level 1 of the Snake Pit
 33083 | Snake:1  | Reached XP level 18. HP: 115/116 MP: 21/21
 33448 | Snake:2  | Found Alatwuer's Antique Weapon Shop.
 33450 | Snake:2  | Found Zanuv's Antique Armour Shop.
 33465 | Snake:2  | Noticed Jorgrun
 33466 | Snake:2  | Killed Jorgrun
 33863 | Snake:2  | Got the Exposition on Jinxing
 35286 | Snake:3  | Found Muiloehe's Weapon Shop.
 35937 | Snake:3  | Lost mutation: Potions are less effective at restoring your
                  | health. [potion of mutation]
 35937 | Snake:3  | Lost mutation: Your magical capacity is very low. (-20% MP)
                  | [potion of mutation]
 35937 | Snake:3  | Gained mutation: You occasionally lose the ability to read
                  | scrolls when taking damage. [potion of mutation]
 35937 | Snake:3  | Gained mutation: Your muscles are strong. (Str +4, Int/Dex
                  | -1) [potion of mutation]
 35938 | Snake:3  | Lost mutation: You occasionally lose the ability to read
                  | scrolls when taking damage. [potion of mutation]
 35938 | Snake:3  | Lost mutation: Your muscles are strong. (Str +4, Int/Dex
                  | -1) [potion of mutation]
 35938 | Snake:3  | Gained mutation: You are weak. (Str -2) [potion of
                  | mutation]
 35938 | Snake:3  | Gained mutation: You are dopey. (Int -2) [potion of
                  | mutation]
 35939 | Snake:3  | Lost mutation: Your magical capacity is low. (-10% MP)
                  | [potion of mutation]
 35939 | Snake:3  | Lost mutation: You occasionally lose the ability to drink
                  | potions when taking damage. [potion of mutation]
 35939 | Snake:3  | Gained mutation: Your spells are a little harder to cast,
                  | but a little more powerful. [potion of mutation]
 35939 | Snake:3  | Gained mutation: You are partially covered in iridescent
                  | scales. (AC +2) [potion of mutation]
 36137 | Swamp:1  | Entered Level 1 of the Swamp
 36705 | Swamp:2  | Reached XP level 19. HP: 121/121 MP: 28/28
 37497 | Swamp:3  | Reached skill level 27 in Stealth
 37503 | Swamp:3  | Acquired 582 gold pieces
 38629 | Swamp:4  | Entered Level 4 of the Swamp
 38630 | Swamp:4  | Noticed the 27-headed Lernaean hydra
 38632 | Swamp:4  | Killed the 27-headed Lernaean hydra
 38657 | Swamp:4  | Got a decaying rune of Zot
 38758 | Swamp:4  | Noticed Bai Suzhen
 38984 | Swamp:4  | Killed Bai Suzhen
 40958 | Snake:4  | Entered Level 4 of the Snake Pit
 40971 | Snake:4  | Got a serpentine rune of Zot
 41020 | Snake:4  | Reached XP level 20. HP: 127/127 MP: 29/29
 41498 | Snake:4  | Noticed Vashnia
 41606 | Snake:4  | Killed Vashnia
 41616 | Snake:4  | Noticed Roxanne
 41707 | Snake:4  | Noticed Mara
 41709 | Snake:4  | Killed Mara
 41711 | Snake:4  | Noticed Agnes
 41726 | Snake:4  | Killed Agnes
 42596 | Snake:4  | Killed Roxanne
 42909 | Vaults:1 | Entered Level 1 of the Vaults
 43944 | Vaults:1 | Reached XP level 21. HP: 132/132 MP: 30/30
 43982 | Vaults:1 | Reached XP level 22. HP: 137/137 MP: 31/31
 44702 | Vaults:2 | Noticed Jory
 44706 | Vaults:2 | Killed Jory
 44795 | Vaults:2 | Noticed Donald
 44802 | Vaults:2 | Found a magical portal.
 44808 | WizLab   | Entered Iskenderun's Mystic Tower
 45596 | WizLab   | Got Iskenderun's Notes on Blows
 45596 | WizLab   | Got Iskenderun's Octavo of Trauma
 45745 | Vaults:1 | Killed Donald
 45896 | Vaults:2 | Found a transporter.
 45942 | Vaults:2 | Found a transporter.
 46039 | Vaults:2 | Noticed Mennas
 46287 | Vaults:2 | Reached skill level 15 in Evocations
 46454 | Vaults:2 | Identified the ring "Famowk" {rF+ rC+ rN+ MP+9 Int-4}
 46479 | Vaults:2 | Identified the ring of Osir {rF+ rC+ rN+ SInv}
 46836 | Vaults:3 | Reached XP level 23. HP: 129/142 MP: 32/32
 46918 | Vaults:3 | Found a staircase to the Crypt.
 46956 | Vaults:3 | Found the +4 Cigotuvi's embrace {Corpsefed rMiasma Drain
                  | rN+}
 47292 | Vaults:3 | Found Towkuh's Magic Scroll Shoppe.
 47296 | Vaults:3 | Bought a scroll of magic mapping for 135 gold pieces
 47296 | Vaults:3 | Bought a scroll of butterflies for 72 gold pieces
 47296 | Vaults:3 | Bought a scroll of teleportation for 54 gold pieces
 47296 | Vaults:3 | Bought a scroll of fog for 72 gold pieces
 47296 | Vaults:3 | Bought a scroll of butterflies for 72 gold pieces
 47296 | Vaults:3 | Bought a scroll of blinking for 135 gold pieces
 47334 | Vaults:3 | Identified the +1 robe of the Vacuum {Dex+5 Slay+3}
 47507 | Vaults:3 | Learned a level 6 spell: Dispersal
 47572 | Vaults:3 | Noticed Frederick
 47574 | Vaults:3 | Killed Frederick
 47574 | Vaults:3 | Reached skill level 1 in Translocations
 47885 | Vaults:4 | Reached skill level 1 in Armour
 48515 | Vaults:4 | Found the +8 autumn katana {manifold assault}
 49141 | Vaults:5 | Entered Level 5 of the Vaults
 49279 | Vaults:5 | Found Namaalat's Distillery.
 49373 | Vaults:5 | Bought a potion of haste for 230 gold pieces
 49373 | Vaults:5 | Bought a potion of invisibility for 184 gold pieces
 49373 | Vaults:5 | Bought a potion of mutation for 184 gold pieces
 49373 | Vaults:5 | Bought a potion of flight for 69 gold pieces
 49373 | Vaults:5 | Bought a potion of mutation for 184 gold pieces
 49373 | Vaults:5 | Bought a potion of heal wounds for 115 gold pieces
 49373 | Vaults:5 | Bought a potion of ambrosia for 184 gold pieces
 49397 | Vaults:5 | Noticed a golden dragon
 49402 | Vaults:5 | Reached XP level 24. HP: 148/148 MP: 35/35
 49410 | Vaults:5 | Reached skill level 5 in Translocations
 49431 | Vaults:5 | Killed a golden dragon
 49494 | Vaults:5 | Identified the +7 shortbow of Action {freeze, rF++ Str-4
                  | Dex+4}
 49501 | Vaults:5 | Reached skill level 5 in Armour
 49541 | Vaults:5 | Identified the +4 long sword of the Eel {heavy, rF- Str+4
                  | SInv}
 49577 | Vaults:5 | Identified the ring "Buig" {Fly rElec rN++ rCorr Int+6
                  | Dex-3}
 49629 | Vaults:5 | Identified the ring of Cofyec {rN+ Will++ rCorr Int+4 SInv}
 49670 | Vaults:5 | Noticed a dread lich
 49678 | Vaults:5 | Paralysed by a dread lich for 2 turns
 49696 | Vaults:5 | Killed a dread lich
 49697 | Vaults:5 | Reached skill level 27 in Dodging
 49713 | Vaults:5 | Identified the +6 glaive of Guilt {freeze, rC+}
 49714 | Vaults:5 | Identified the +9 sling of Irritation {freeze, *Corrode
                  | rElec rPois Stlth+}
 49717 | Vaults:5 | Identified the +0 chain mail of Xame {Contam *Corrode rF+
                  | Dex+6}
 50428 | Vaults:5 | Got a silver rune of Zot
 50519 | Vaults:5 | Noticed a golden dragon
 50608 | Vaults:5 | Killed a golden dragon
 50922 | Vaults:5 | Got the Volume of Lethal Diablerie
 51090 | Crypt:1  | Entered Level 1 of the Crypt
 51151 | Crypt:1  | Reached XP level 25. HP: 154/154 MP: 35/35
 51496 | Crypt:1  | Reached skill level 15 in Fighting
 52267 | Crypt:1  | Reached skill level 15 in Hexes
 52372 | Crypt:3  | Entered Level 3 of the Crypt
 52439 | Crypt:3  | Noticed a curse toe
 52446 | Crypt:3  | Noticed a curse toe
 52494 | Crypt:3  | Killed a curse toe
 52495 | Crypt:3  | Killed a curse toe
 54206 | Crypt:3  | Found a staircase to the Tomb.
 54784 | Crypt:3  | Identified the +7 plate armour "Tyuw Lei" {Fly SInv}
 55019 | Crypt:3  | Learned a level 2 spell: Blink
 55019 | Crypt:3  | Noticed a dread lich
 55019 | Crypt:3  | Noticed an ancient lich
 55022 | Crypt:3  | Identified the +7 hand axe of Understanding {freeze, rPois
                  | rF+}
 55068 | Crypt:3  | Identified the ring "Ucvoh" {Fly rElec rPois rF+ MP-9}
 55073 | Crypt:3  | Killed a dread lich
 55074 | Crypt:3  | Reached XP level 26. HP: 163/163 MP: 36/36
 55083 | Crypt:3  | Killed an ancient lich
 55087 | Crypt:3  | Got the Codex of Evil
 55107 | Crypt:3  | Identified the +2 ring mail "Ynoisila" {Fly rCorr Int+2}
 55278 | Tomb:1   | Entered Level 1 of the Tomb of the Ancients
 55308 | Tomb:1   | Noticed Boris
 55309 | Tomb:1   | Killed Boris
 55394 | Tomb:1   | Reached skill level 10 in Spellcasting
 55574 | Tomb:1   | Noticed Khufu
 55854 | Tomb:1   | Noticed a royal mummy
 55857 | Tomb:1   | Noticed a royal mummy
 56230 | Depths:1 | Entered Level 1 of the Depths
 56230 | Depths:1 | Noticed the Enchantress
 56231 | Depths:1 | Killed the Enchantress
 56278 | Depths:1 | Found a runed translucent door.
 56350 | Depths:1 | Found a gateway to Hell.
 56455 | Depths:1 | Noticed Asterion
 56456 | Depths:1 | Killed Asterion
 56731 | Depths:1 | Found Kuastopn's Book Emporium.
 56731 | Depths:1 | Found Faqeg's Book Emporium.
 56732 | Depths:1 | Found Bafuir's Jewellery Boutique.
 56813 | Depths:1 | Found a one-way gate to the infinite horrors of the Abyss.
 57465 | Depths:2 | Reached skill level 10 in Translocations
 57570 | Depths:2 | Gained mutation: You sometimes lose your temper in combat.
                  | [a neqoxec]
 57967 | Depths:2 | Learned a level 5 spell: Silence
 57976 | Depths:2 | Learned a level 8 spell: Discord
 58266 | Depths:3 | Reached XP level 27. HP: 168/168 MP: 38/38
 58364 | Depths:3 | You are sucked into a shaft and drop 1 floor!
 58364 | Depths:4 | Entered Level 4 of the Depths
 58364 | Depths:4 | Found Qaam's Book Emporium.
 58517 | Depths:4 | Noticed a juggernaut
 58534 | Depths:4 | Killed a juggernaut
 58625 | Depths:4 | Gained mutation: You have a beak for a mouth. [a neqoxec]
 58642 | Depths:4 | Gained mutation: You are clumsy. (Dex -2) [a cacodemon]
 59432 | Depths:3 | Identified the +0 scale mail of the Hidden Friars {rF+}
 59511 | Depths:3 | Found Nifryt Fehu's Distillery.
 59516 | Depths:3 | Bought a potion of curing for 63 gold pieces
 59516 | Depths:3 | Bought a potion of haste for 210 gold pieces
 59516 | Depths:3 | Bought a potion of heal wounds for 105 gold pieces
 59516 | Depths:3 | Bought a potion of curing for 63 gold pieces
 59516 | Depths:3 | Bought a potion of heal wounds for 105 gold pieces
 59516 | Depths:3 | Bought a potion of heal wounds for 105 gold pieces
 59516 | Depths:3 | Bought a potion of lignification for 63 gold pieces
 59790 | Depths:4 | Found a one-way gateway to a ziggurat.
 60142 | Depths:4 | Found a gate to the Realm of Zot.
 61150 | Snake:2  | Bought a distressingly furry cloak for 209 gold pieces
 61150 | Snake:2  | Identified the +0 cloak of Kadoc {Rampage} (You bought it
                  | in a shop on level 2 of the Snake Pit)
 61154 | Snake:2  | Lost mutation: You sometimes lose your temper in combat.
                  | [potion of mutation]
 61154 | Snake:2  | Lost mutation: You are clumsy. (Dex -2) [potion of
                  | mutation]
 61154 | Snake:2  | Lost mutation: You have a beak for a mouth. [potion of
                  | mutation]
 61154 | Snake:2  | Lost mutation: You are dopey. (Int -2) [potion of mutation]
 61154 | Snake:2  | Gained mutation: You are robust. (+10% HP) [potion of
                  | mutation]
 61154 | Snake:2  | Lost mutation: You are weak. (Str -2) [potion of mutation]
 61581 | Zot:1    | Entered Level 1 of the Realm of Zot
 61801 | Zot:1    | Noticed Grunn
 61924 | Zot:1    | Noticed a Killer Klown
 61939 | Zot:1    | Identified the +0 plate armour of Fortification {+Inv rPois
                  | Int+5}
 61957 | Zot:1    | Noticed a Killer Klown
 61959 | Zot:1    | Found the +4 dragonskin cloak
 61959 | Zot:1    | Noticed Tiamat
 61977 | Zot:1    | Killed a Killer Klown
 62015 | Zot:1    | Noticed a Killer Klown
 62016 | Zot:1    | Noticed an ancient lich
 62348 | Zot:1    | Noticed a Killer Klown
 62466 | Zot:1    | Noticed a Killer Klown
 62495 | Zot:1    | Killed a Killer Klown
 63102 | Zot:1    | Killed Grunn
 63173 | Zot:1    | Killed a Killer Klown
 63179 | Zot:1    | Killed a Killer Klown
 63186 | Zot:1    | Killed an ancient lich
 63625 | Zot:1    | Noticed a Killer Klown
 63628 | Zot:1    | a Killer Klown changed into a juggernaut
 63628 | Zot:1    | Noticed a juggernaut
 63632 | Zot:1    | Killed a juggernaut
 63812 | Zot:1    | Killed a Killer Klown
 64217 | Zot:1    | Killed Tiamat
 65966 | Zot:2    | Noticed an ancient lich
 65986 | Zot:2    | Killed an ancient lich
 66135 | Zot:2    | Noticed an orb of fire
 66356 | Zot:2    | Noticed an orb of fire
 66543 | Zot:2    | Gained mutation: Your body sometimes deteriorates upon
                  | taking damage. [an orb of fire]
 66547 | Zot:2    | Gained mutation: You are vulnerable to cold. (rC-) [an orb
                  | of fire]
 66548 | Zot:2    | Gained mutation: You are dopey. (Int -2) [an orb of fire]
 66563 | Zot:2    | Killed an orb of fire
 66669 | Zot:2    | Lost mutation: Your body sometimes deteriorates upon taking
                  | damage. [potion of mutation]
 66669 | Zot:2    | Lost mutation: You are partially covered in iridescent
                  | scales. (AC +2) [potion of mutation]
 66669 | Zot:2    | Lost mutation: You are dopey. (Int -2) [potion of mutation]
 66669 | Zot:2    | Gained mutation: You occasionally lose the ability to read
                  | scrolls when taking damage. [potion of mutation]
 66669 | Zot:2    | Lost mutation: You occasionally lose the ability to read
                  | scrolls when taking damage. [potion of mutation]
 66669 | Zot:2    | Gained mutation: You possess an exceptional clarity of
                  | mind. [potion of mutation]
 66704 | Zot:2    | Found a stormy altar of Qazlal.
 66854 | Zot:3    | Found a runed translucent door.
 66854 | Zot:3    | Noticed Kawoqao's ghost (legendary MiBe)
 67628 | Zot:3    | Killed Kawoqao's ghost
 67857 | Zot:4    | Found a runed translucent gate.
 67858 | Zot:4    | Found a runed translucent gate.
 67859 | Zot:4    | Found a runed translucent gate.
 67883 | Zot:4    | Reached skill level 15 in Translocations
 68548 | Zot:4    | Noticed Akugygoc's ghost (legendary MiFi)
 68548 | Zot:4    | Noticed Voulohy's ghost (veteran TrCK)
 68549 | Zot:4    | Noticed Bealaq's ghost (legendary GnFE)
 68549 | Zot:4    | Killed Akugygoc's ghost
 68551 | Zot:4    | Killed Bealaq's ghost
 68552 | Zot:4    | Killed Voulohy's ghost
 68556 | Zot:4    | Identified the ring "Seaguint" {Fly rElec rN+ Slay-3}
 68741 | Zot:5    | Entered Level 5 of the Realm of Zot
 70028 | Tomb:1   | Killed a royal mummy
 70035 | Tomb:1   | Killed a royal mummy
 70298 | Tomb:1   | Identified the +3 chain mail of the Harp {SInv}
 70633 | Tomb:1   | Noticed a royal mummy
 70673 | Tomb:1   | Killed Khufu
 70704 | Tomb:1   | Killed a royal mummy
 71701 | Tomb:2   | Noticed a royal mummy
 71702 | Tomb:2   | Killed a royal mummy
 71727 | Tomb:2   | Noticed Boris
 71758 | Tomb:2   | Killed Boris
 72199 | D:13     | Bought a book of Party Tricks for 208 gold pieces
 72201 | D:13     | Learned a level 1 spell: Apportation
 72470 | Tomb:2   | Noticed a royal mummy
 72470 | Tomb:2   | Noticed a royal mummy
 72535 | Tomb:2   | Noticed a royal mummy
 72535 | Tomb:2   | Noticed a royal mummy
 72536 | Tomb:2   | Killed a royal mummy
 72564 | Tomb:2   | HP: 13/271 [death scarab[a royal mummy] (21)]
 72568 | Tomb:2   | Killed a royal mummy
 72572 | Tomb:2   | Slain by an emperor scorpion

Illustrated notes

Levels and vault maps discovered:
D:1:      spicycebolla_arrival_clurvy, layout_basic, kennysheep_pointless_box
D:2:      layout_loops_ring
D:3:      minmay_roachtagon, layout_basic
D:4:      layout_loops_ring, tgw_trog, mainiacjoe_overflow_alcove_1,
          marbit_many_paths, portal_sewer_entry_e, uniq_grinder
D:5:      layout_loops_corners, okawaru_altar_gauntlet_db,
          minmay_temple_entry_large_hall, kennysheep_generic_room_4
D:6:      layout_loops_ring, serial_undead, serial_undead_d, serial_undead_c,
          serial_undead_e, serial_undead_a, uniq_edmund, uniq_menkaure
D:7:      layout_basic, fedhas_altar_decomposition, nemelex_dance_club_becter,
          serial_shops, nicolae_stop_n_shop_2, uniq_joseph
D:8:      layout_rooms, grunt_gozag_statues, lemuel_zombie_altar_kikubaaqudgha,
          serial_shops, kennysheep_little_box, shop, minivault_5, uniq_maggie,
          uniq_pikel
D:9:      layout_big_octagon, mainiacjoe_overflow_boulevard, lair_entry_dummy
D:10:     layout_rooms, mainiacjoe_overflow_large_starburst, st_stairs_2,
          hangedman_feature_mirror, uniq_lodul, uniq_erica
D:11:     layout_basic, erik_orc_2, dk_vineyard_1, hive_lemuel
D:12:     layout_basic, portal_ice_cave_entry_pillars_2
D:13:     layout_stronghold, grunt_vaults_entry_fortified, enter_trove_3,
          serial_shops, kennysheep_mini, cheibriados_altar_1
D:14:     argonaut_augean_stables, layout_stronghold,
          cheibrodos_ashenzari_chains
D:15:     hangedman_depths_entry_civil_slaughter, layout_layer_cave,
          nicolae_wu_jian_wuxing_cycle,
          ploomutoo_gammafunk_ghost_potion_laboratory, uniq_louise, uniq_rupert
Temple:   hellmonk_temple_of_storms
Lair:1:   layout_cave_pods, grunt_megastairs_3, uniq_fannar
Lair:2:   layout_long_grid, skrybe_swamp_entry_bodies, serial_rivers,
          chequers_serial_rivers_micro_a, chequers_serial_rivers_marsh,
          chequers_serial_rivers_small_3, chequers_serial_rivers_small_a,
          chequers_serial_rivers_micro_c, minivault_26, hibernation_bobbens
Lair:3:   layout_loops_ring, minmay_snake_entry_guardpost_small,
          pdpol_lair_cavern_descent, lemuel_fruit_fields, grunt_megastairs_2,
          infiniplex_staircase_pool
Lair:4:   layout_big_grid, nicolae_volcano_entry_s_turn, serial_bayou,
          serial_bayou_lake_a, serial_bayou_pond_b, serial_bayou_pond_b,
          serial_bayou_pond_c, serial_bayou_pond_d
Lair:5:   minmay_lair_end_enchanted_forest, layout_regular_city, slime_entry_1,
          uniq_josephine
Swamp:1:  layout_basic_swamp, evilmike_swamp_ruin_house_2
Swamp:2:  layout_falls_marsh, evilmike_swamp_ruin_rubble_2, swamp_pool1
Swamp:3:  layout_falls_marsh, serial_swamp_ruin, evilmike_swamp_ruin_house_1,
          hangedman_swamp_ruin_hall, nicolae_swamp_baby_hydras,
          infiniplex_staircase_pool_2
Swamp:4:  swamp_old_school, layout_basic_swamp, swamp_pool1, ldierk_geyser,
          uniq_bai_suzhen
Snake:1:  layout_rooms, nicolae_triple_integral, lemuel_fruit_tree
Snake:2:  layout_chambers, serial_bayou_shore_a, minmay_shop_star, uniq_jorgrun
Snake:3:  layout_concentric_octagons, serial_shops,
          nicolae_shop_bloodbath_and_beyond
Snake:4:  snake_pit, layout_misc_corridors, uniq_agnes, uniq_mara, uniq_vashnia,
          uniq_roxanne
Orc:1:    layout_caves
Orc:2:    pf_orc_diabolical, layout_caves, minmay_orc_barracks
Vaults:1: nicolae_vaults_circle_grid_b, nicolae_vaults_little_squares_2,
          v_pattern_5, grunt_vaults_swirl, ontoclasm_vaults_gateway,
          hangedman_vaults_pinch, v_rooms_1, v_rooms_2, hangedman_vaults_maws,
          v_misc_24, vaults_room_stairs_pillars, vaults_dpeg_encased_lava,
          ontoclasm_vaults_twist, layout_vaults_ring
Vaults:2: mu_enter_wizlab_6, nicolae_vaults_little_squares_4,
          gammafunk_dig_for_victory, vaults_dpeg_diagonal,
          nicolae_vaults_angled_halls, grunt_vaults_bifocal,
          ontoclasm_vaults_pinch, v_rooms_5, vaults_standard_mumra_x,
          nicolae_vaults_angled_halls, hangedman_vaults_trim,
          layout_vaults_maze_snakey, uniq_donald, uniq_mennas, uniq_jory
Vaults:3: v_misc_25, nicolae_vaults_three_branches, grunt_vaults_hallway_short,
          nicolae_vaults_alarming, nicolae_vaults_triangles, v_alt_pattern_2,
          v_misc_24, nicolae_vaults_angled_halls, layout_vaults_omnigrid,
          dummy_crypt_entry, serial_shops, shop, uniq_frederick
Vaults:4: nicolae_vaults_minivaults, nicolae_vaults_little_squares_5,
          serial_ice_h, v_alt_pattern_6, hangedman_vaults_river_flow,
          nicolae_vaults_circle_grid_b, vaults_mumra_minichess,
          ontoclasm_vaults_loading_screen, ontoclasm_vaults_eye,
          vaults_mumra_hex, layout_vaults_big_room
Vaults:5: uniq_margery
Crypt:1:  layout_gridlike, st_stairs_12, beargit_elvish_explorers,
          grunt_megastairs_1
Crypt:2:  layout_gridlike, lemuel_elevator, grunt_megastairs_4
Crypt:3:  david_glass_crypt, layout_misc_corridors
Tomb:1:   uniq_boris, uniq_khufu
Tomb:2
Depths:1: layout_twisted_cross, abyss_entry, minmay_misc_feat_pillars,
          hell_entry, minmay_hidden_floor, minmay_shop_grove, uniq_enchantress,
          uniq_asterion
Depths:2: minmay_outward_triangles, layout_cave_pools, hell_entry,
          grunt_pan_entry_spiral, minmay_variable_closet,
          minmay_staircase_windowed_large
Depths:3: minmay_tri_box, layout_gridlike, serial_shops, nicolae_shop_stone,
          kennysheep_donut, hell_entry, abyss_entry,
          infiniplex_staircase_spiral_double
Depths:4: evilmike_zot_entry_hall, layout_basic, enter_ziggurat_f,
          grunt_hell_entry_demonic_statue, serial_shops,
          nicolae_shop_statue_plus, rand_demon_pan_entry_7,
          minmay_misc_feat_doors, item_on_display_a
Zot:1:    ebering_klown_carousel, layout_concentric_octagons,
          guppyfry_library_mini, uniq_grunn, uniq_tiamat
Zot:2:    regret_index_qazlal_generations, layout_cellular_growth, nrook_zot_tub
Zot:3:    layout_misc_corridors, hellmonk_ghost_happy_afterlife
Zot:4:    layout_gridlike, gammafunk_ghost_cemetery
Zot:5:    layout_misc_corridors

Skill      XL: |  1  2  3  4  5  6  7  8  9 10 11 12 13 14 15 16 17 18 19 20 21 22 23 24 25 26 27 |
---------------+----------------------------------------------------------------------------------+-----
Short Blades   | 3 4 5 7 9 10 11 13 14 | 14.0
Stealth        | 6 8 10 13 15 16 18 19 20 21 25 27 | 27.0
Evocations     | 2 5 9 10 12 15 | 15.0
Dodging        | 4 6 10 12 15 16 17 20 23 24 25 27 | 27.0
Fighting       | 4 5 11 13 14 15 16 | 16.0
Shields        | 3 7 8 9 10 11 12 14 | 14.0
Spellcasting   | 4 6 8 9 11 14 | 14.6
Hexes          | 5 9 12 14 15 16 20 | 20.4
Translocations | 4 6 8 10 17 | 17.4
Armour         | 4 5 |  5.0
Throwing       | |  2.1

Action                   |  1- 3 |  4- 6 |  7- 9 | 10-12 | 13-15 | 16-18 | 19-21 | 22-24 | 25-27 || total
-------------------------+-------+-------+-------+-------+-------+-------+-------+-------+-------++-------
Melee: Dagger            |    65 |    45 |       |       |    95 |   391 |       |       |       ||   596
       Whip              |    25 |       |       |       |       |       |       |       |       ||    25
       Punch             |     1 |     4 |     4 |       |       |       |       |       |       ||     9
       Short sword       |       |   171 |   236 |   488 |  1763 |   585 |       |       |       ||  3243
       Rapier            |       |       |       |    17 |       |       |       |       |       ||    17
       Quick blade       |       |       |       |       |       |  1308 |  1256 |  2914 |  6413 || 11891
       Peck              |       |       |       |       |       |       |       |       |   263 ||   263
Throw: Dart              |       |     7 |       |     2 |     3 |     1 |       |       |       ||    13
 Cast: Tukima's Dance    |       |       |       |       |    20 |    38 |     3 |       |     4 ||    65
       Confusing Touch   |       |       |       |       |       |    69 |   119 |   167 |   224 ||   579
       Slow              |       |       |       |       |       |       |       |       |     2 ||     2
       Blink             |       |       |       |       |       |       |       |       |     3 ||     3
       Enfeeble          |       |       |       |       |       |       |       |       |    38 ||    38
       Silence           |       |       |       |       |       |       |       |       |    18 ||    18
       Discord           |       |       |       |       |       |       |       |       |     3 ||     3
Invok: Lunge             |       |    11 |    24 |    66 |    96 |   174 |    79 |   120 |   228 ||   798
       Whirlwind         |       |       |     5 |   101 |   566 |   507 |   409 |   970 |  2145 ||  4703
       Serpent's Lash    |       |       |       |     7 |    14 |    22 |    17 |     9 |    18 ||    87
       Heavenly Storm    |       |       |       |       |       |       |       |     1 |     2 ||     3
 Abil: Wall Jump         |       |       |     1 |    15 |     8 |    14 |    12 |    22 |    40 ||   112
Evoke: Wand              |       |       |     9 |     4 |    16 |    13 |     2 |     8 |    28 ||    80
       Box of beasts     |       |       |       |       |     1 |     4 |     4 |     2 |    11 ||    22
       Phial of floods   |       |       |       |       |       |     3 |     2 |     2 |     3 ||    10
       Lightning rod     |       |       |       |       |       |     4 |       |     4 |    13 ||    21
       Condenser vane    |       |       |       |       |       |       |       |       |     9 ||     9
       Phantom mirror    |       |       |       |       |       |       |       |       |     1 ||     1
  Use: Scroll            |       |     3 |     4 |       |    13 |    13 |     6 |    16 |    24 ||    79
       Potion            |       |       |     1 |     1 |     8 |     5 |     2 |     3 |    53 ||    73
 Stab: Sleeping          |    23 |    38 |    29 |    77 |    91 |   153 |    85 |   124 |   179 ||   799
       Distracted        |       |       |     1 |     9 |    21 |    22 |    12 |    16 |    52 ||   133
       Paralysed         |       |       |     1 |     3 |     1 |     3 |       |       |       ||     8
       Fleeing           |       |       |       |       |     1 |       |       |       |       ||     1
       Confused          |       |       |       |       |       |    71 |   142 |   208 |   296 ||   717
       Invisible         |       |       |       |       |       |       |       |       |    31 ||    31
       Petrifying        |       |       |       |       |       |       |       |       |     4 ||     4
       Petrified         |       |       |       |       |       |       |       |       |     2 ||     2
Armor: Robe              |    15 |    10 |       |       |       |     8 |       |       |       ||    33
       Ring mail         |       |    35 |    43 |       |       |       |       |       |       ||    78
       Steam dragon scal |       |       |       |    26 |    80 |    66 |    38 |    13 |       ||   223
       Leather armour    |       |       |       |       |       |       |       |   112 |   319 ||   431
       Skin              |       |       |       |       |       |       |       |       |   124 ||   124
Dodge: Dodged            |    42 |   138 |    86 |   157 |   655 |   649 |   462 |  1099 |  2569 ||  5857
Block: Kite shield       |       |       |       |   195 |  1291 |  1157 |   573 |  1226 |  3240 ||  7682
       Reflection        |       |       |       |     4 |     5 |    35 |    56 |    22 |    34 ||   156
       Buckler           |       |       |       |       |       |    29 |       |       |       ||    29

Table legend: (Time is in decaauts)
 A = Elapsed time spent in this place.
 B = Non-inter-level travel time spent in this place.
 C = Inter-level travel time spent in this place.
 D = Time resting spent in this place.
 E = Time spent auto-exploring this place.
 F = Levels seen in this place.
 G = Mean time per level.
                   A        B        C        D        E       F      G
               +--------+--------+--------+--------+--------+-----+--------+
         Total |  71355 |  63791 |   7564 |   4963 |  41552 |  53 | 1346.3 |
       Dungeon |  20478 |  17729 |   2749 |    971 |  13281 |  15 | 1365.2 |
        Temple |     52 |     48 |      4 |      0 |     38 |   1 |   52.0 |
          Lair |   7539 |   6763 |    776 |    664 |   4451 |   5 | 1507.8 |
         Swamp |   4117 |   3830 |    287 |     42 |   2987 |   4 | 1029.2 |
     Snake Pit |   6054 |   4743 |   1311 |    344 |   3246 |   4 | 1513.5 |
  Orcish Mines |   3417 |   3140 |    277 |    481 |   1706 |   2 | 1708.5 |
        Vaults |   7294 |   6701 |    593 |     51 |   3891 |   5 | 1458.8 |
         Crypt |   4279 |   3925 |    354 |    482 |   2316 |   3 | 1426.3 |
          Tomb |   3075 |   2698 |    377 |    398 |   1323 |   2 | 1537.5 |
        Depths |   4795 |   4293 |    502 |    165 |   3104 |   4 | 1198.8 |
           Zot |   7838 |   7508 |    330 |    708 |   4413 |   5 | 1567.6 |
         Sewer |    375 |    375 |      0 |     69 |    158 |   1 |  375.0 |
      Ice Cave |   1284 |   1284 |      0 |    482 |    321 |   1 | 1284.0 |
        Wizlab |    752 |    752 |      0 |    104 |    314 |   1 |  752.0 |
               +--------+--------+--------+--------+--------+-----+--------+

Top non-repeatable levels by time:
   Zot:1: 3535 daAuts
  Tomb:1: 2587 daAuts
   Orc:2: 2503 daAuts
     D:7: 2313 daAuts
  Lair:5: 2212 daAuts
 Swamp:4: 2122 daAuts
    D:11: 2098 daAuts
    D:15: 2032 daAuts
     D:4: 1871 daAuts
Vaults:5: 1759 daAuts
 Snake:2: 1738 daAuts
 Snake:1: 1687 daAuts
 Snake:4: 1619 daAuts
 Crypt:2: 1617 daAuts
Vaults:1: 1559 daAuts
